 Dungeon Crawl Stone Soup version 0.30-a0-622-gddc90eaa04 (webtiles) character file.

Game seed: 14883518851347661118

6697 Chaicat the Protected (level 10, -3/105 HPs)
             Began as a Minotaur Fighter on Jan 6, 2023.
             Was a Follower of Nemelex Xobeh.
             Killed from afar by an oklob plant (24 damage)
             ... with a splash of acid
             ... on level 9 of the Dungeon on Jan 10, 2023.
             The game lasted 00:22:52 (6980 turns).

Chaicat the Protected (Minotaur Fighter)            Turns: 6980, Time: 00:22:52

Health: -3/105     AC:  0    Str: 27    XL:     10   Next: 74%
Magic:  9/9        EV:  8    Int:  5    God:    Nemelex Xobeh [*.....]
Gold:   288        SH:  5    Dex: 12    Spells: 9/9 levels left

rFire   + + +      SeeInvis .    f - +6 hand axe of Armageddon {venom, rF+}
rCold   x x .      Faith    .    c - +0 buckler
rNeg    + . .      Spirit   .    D - +1 chain mail of Misanthropy {rF+ rC- rN+ Str+4}
rPois   .          Reflect  .    (helmet restricted)
rElec   .          Harm     .    G - +1 cloak
rCorr   .          Rampage  .    m - +1 pair of gloves
Will    .....                    l - +0 pair of boots Stlth
                                 i - amulet of regeneration
HPRegen 1.17/turn                o - +4 ring of slaying
MPRegen 0.11/turn                d - +4 ring of protection

@: corroded
A: horns 2, retaliatory headbutt, fire resistance 1, robust 1, cold
vulnerability 1
a: Renounce Religion, Draw Escape, Draw Destruction, Draw Summoning


You were on level 9 of the Dungeon.
You worshipped Nemelex Xobeh.
Nemelex Xobeh was aware of your devotion.
You visited 2 branches of the dungeon, and saw 10 of its levels.
You also visited: Sewer and Bailey.

You collected 667 gold pieces.
You spent 379 gold pieces at shops.

Inventory:

Hand Weapons
 a - a +0 war axe
 b - the +4 hand axe of the Wasteland {flame, Fly}
   (You bought it in a shop on level 4 of the Dungeon)

   Fly:       It grants you flight.
 f - the +6 hand axe of Armageddon (weapon) {venom, rF+}
   (You found it in a bailey)

   rF:        It protects you from fire.
Missiles
 v - 7 throwing nets (quivered)
Armour
 c - a +0 buckler (worn)
 l - a +0 pair of boots (worn)
 m - a +1 pair of gloves (worn)
 D - the +1 chain mail of Misanthropy (worn) {rF+ rC- rN+ Str+4}
   (You found it in a bailey)

   Str:       It affects your strength (+4).
   rF:        It protects you from fire.
   rC:        It makes you vulnerable to cold.
   rN:        It protects you from negative energy.
 G - a +1 cloak (worn)
Jewellery
 d - a +4 ring of protection (right hand)
 g - a ring of protection from fire
 i - an amulet of regeneration (around neck)
 k - a ring of positive energy
 o - a +4 ring of slaying (left hand)
 w - a +5 ring of evasion
Wands
 y - a wand of flame (13)
Scrolls
 j - 6 scrolls of teleportation
 A - a scroll of magic mapping
 E - a scroll of amnesia
 H - a scroll of summoning {unknown}
Potions
 e - 2 potions of lignification
 h - 3 potions of curing
 n - a potion of degeneration {unknown}
 p - 2 potions of flight
 q - a potion of might
 r - a potion of magic {unknown}
 s - 3 potions of heal wounds {unknown}
 t - 4 potions of brilliance
 u - a potion of invisibility {unknown}
 x - a potion of cancellation {unknown}
 z - a potion of mutation
 C - 2 potions of resistance {unknown}
 F - a potion of ambrosia {unknown}
Miscellaneous
 B - a piece from Xom's chessboard (15/15)


   Skills:
 + Level 11.4 Fighting
 + Level 11.0 Axes
 + Level 11.5 Armour
 - Level 7.0 Shields


You had 9 spell levels left.
You didn't know any spells.
Your spell library contained the following spells:

 Spells                   Type           Power      Damage    Failure   Level
 Freeze                   Ice            0%         1d3       96%         1
 Magic Dart               Conj           0%         1d3       96%         1
 Slow                     Hex            0%         N/A       96%         1
 Call Imp                 Summ           0%         N/A       99%         2
 Confusing Touch          Hex            0%         N/A       100%        3
 Frozen Ramparts          Ice            0%         1d1       100%        3
 Hailstorm                Conj/Ice       0%         3d3       100%        3
 Mephitic Cloud           Conj/Pois/Air  0%         N/A       100%        3
 Vampiric Draining        Necr           0%         2d6       100%        3
 Manifold Assault         Tloc           0%         N/A       100%        4
 Dispersal                Tloc           0%         N/A       100%        6
 Disjunction              Tloc           0%         N/A       100%        8


Dungeon Overview and Level Annotations

Branches:
Dungeon (9/15)             Temple (1/1) D:6            Lair (0/5) D:8
  Sewer (visited)          Bailey (visited)
    Orc: D:9-12

Altars:
Dithmenos
Fedhas
Gozag
Hepliaklqana
Makhleb
Nemelex Xobeh
Qazlal
Sif Muna
Vehumet
Wu Jian
Xom

Shops:
D:4 (   D:5 *

Portals:
Abyss: D:3

Annotations:
D:9 exclusion: 2 oklob plants


Innate Abilities, Weirdness & Mutations

You have a pair of horns on your head.
You reflexively headbutt those who attack you in melee.
Your flesh is heat resistant. (rF+)
You are robust. (+10% HP)
You are vulnerable to cold. (rC-)


Message History

You hit the floating eye.
The floating eye looks as sick as possible!
You hit the bush but do no damage. You hit the oklob plant.
The oklob plant is moderately damaged.
You hit the bush but do no damage.
The bush looks even sicker.
You hit the floating eye.
The floating eye looks as sick as possible!
The oklob plant spits acid at you. The splash of acid hits you!!
The acid corrodes you! The floating eye seems to glare at you.
You hit the oklob plant.
You headbutt the oklob plant, but do no damage.
The oklob plant is moderately damaged.
You hit the bush but do no damage. You barely miss the floating eye.
The oklob plant spits acid at you. The splash of acid hits you!!
The acid corrodes you!
You hit the oklob plant but do no damage.
The oklob plant is moderately damaged.
You hit the bush but do no damage. You hit the floating eye.
The floating eye looks as sick as possible!
The floating eye gazes piercingly through you!
You suddenly lose the ability to move!
You kill the floating eye!
The oklob plant spits acid at you. The splash of acid hits you!
* * * LOW HITPOINT WARNING * * *
You can move again.
You hit the oklob plant but do no damage.
You headbutt the oklob plant, but do no damage.
The oklob plant is moderately damaged.
You hit the bush but do no damage. The oklob plant spits acid at you.
The splash of acid hits you!
* * * LOW HITPOINT WARNING * * *
The acid corrodes you! The oklob plant spits acid at you.
The splash of acid hits you!!
You die...
Your body disappears without a glow.

.# #......... .#
###......[..... .#
#...(.....P.... .#######
#........PPPP.. .......#
#.......PPP.P.[
.......###.......P$..P..
................PP../P..
.[.....####.....P.>.PPP.
>......# #.....@PP[P...
#......# #.......PPP...
######.# #.............
#.# ##............ #.#
##........... ###
##+...[....# .....#####
######


You could see 2 oklob plants.

Vanquished Creatures
  Amaemon (D:9)
  An orange demon (D:9)
  Maggie (D:9)
  The ghost of bmack86 the Shield-Bearer, an amateur MiFi (D:4)
  The ghost of Iich the Chopper, an amateur DsBe of Trog (D:3)
  5 yaks (D:8)
  A wyvern (D:8)
  Edmund (D:5)
  Duvessa (D:5)
  2 water moccasins
  A floating eye (D:9)
  2 black bears
  Pargi (Sewer)
  2 orc warriors (D:7)
  A sky beast (D:6)
  4 wolves (Bailey)
  2 ogres
  A phantom (D:7)
  3 bullfrogs
  9 gnoll sergeants (Bailey)
  4 necrophages
  2 scorpions
  Dowan (D:5)
  A quasit (D:3)
  A crimson imp (D:3)
  An iron imp (D:3)
  4 jellies
  5 hounds
  7 gnoll boudas
  6 orc priests
  Ijyb (D:5)
  2 iguanas
  9 orc wizards
  Terence (D:3)
  17 gnolls
  8 adders
  A shadow imp (D:6)
  3 white imps
  An ufetubus (D:4)
  2 worms
  4 dart slugs
  18 orcs
  10 ball pythons
  6 bats
  8 endoplasms
  6 giant cockroaches
  11 goblins
  8 hobgoblins
  8 jackals
  4 quokkas
  4 frilled lizards
  10 kobolds
  12 rats
  A butterfly (D:6)
228 creatures vanquished.

Vanquished Creatures (others)
  6 plants
6 creatures vanquished.

Grand Total: 234 creatures vanquished

Notes
Turn   | Place    | Note
-------+----------+-------------------------------------------
     0 | D:1      | Chaicat the Minotaur Fighter began the quest for the Orb.
     0 | D:1      | Reached XP level 1. HP: 19/19 MP: 0/0
   144 | D:1      | Reached XP level 2. HP: 27/27 MP: 1/1
   401 | D:1      | Reached XP level 3. HP: 33/33 MP: 2/2
   675 | D:2      | Found an opulent altar of Gozag.
  1057 | D:2      | Reached XP level 4. HP: 40/40 MP: 3/3
  1401 | D:3      | Reached XP level 5. HP: 39/47 MP: 4/4
  1411 | D:3      | Upgraded the game from 0.30-a0-596-g0af90f9a20 to
                  | 0.30-a0-618-gd6c86c23d0
  1416 | D:3      | Found a transporter.
  1553 | D:3      | Found a transporter.
  1569 | D:3      | Noticed Iich's ghost (amateur DsBe)
  1684 | D:3      | Noticed Terence
  1691 | D:3      | Killed Terence
  1731 | D:3      | Reached skill level 5 in Armour
  1753 | D:3      | Found a burning altar of Makhleb.
  1753 | D:3      | Noticed a cacodemon
  1757 | D:3      | Noticed a neqoxec
  1757 | D:3      | Noticed a neqoxec
  1814 | D:3      | Reached skill level 5 in Fighting
  1814 | D:3      | Reached skill level 5 in Shields
  2035 | D:3      | Found a one-way gate to the infinite horrors of the Abyss.
  2159 | D:3      | Reached XP level 6. HP: 53/56 MP: 5/5
  2168 | D:3      | Killed Iich's ghost
  2188 | D:3      | Reached XP level 7. HP: 62/62 MP: 6/6
  2191 | D:3      | Reached skill level 5 in Axes
  2591 | D:4      | Found a glowing drain.
  2608 | Sewer    | Entered a sewer
  2637 | Sewer    | Noticed Pargi
  2648 | Sewer    | Killed Pargi
  2937 | D:4      | Found Heruo's Weapon Boutique.
  2950 | D:4      | Found a runed translucent door.
  2952 | D:4      | Noticed bmack86's ghost (amateur MiFi)
  2978 | D:4      | Killed bmack86's ghost
  2979 | D:4      | Reached XP level 8. HP: 69/71 MP: 7/7
  3288 | D:5      | Entered Level 5 of the Dungeon
  3329 | D:5      | Found Tisoes's Assorted Antiques.
  3336 | D:5      | Noticed Edmund
  3336 | D:5      | Noticed Ijyb
  3352 | D:5      | Killed Edmund
  3364 | D:5      | Killed Ijyb
  3494 | D:5      | Noticed Dowan
  3496 | D:5      | Noticed Duvessa
  3616 | D:5      | Killed Duvessa
  3623 | D:5      | Killed Dowan
  3753 | D:5      | Gained mutation: You are dopey. (Int -2) [potion of
                  | mutation]
  3754 | D:5      | Lost mutation: You are dopey. (Int -2) [potion of mutation]
  3754 | D:5      | Gained mutation: You are frail. (-10% HP) [potion of
                  | mutation]
  3754 | D:5      | Gained mutation: You are vulnerable to cold. (rC-) [potion
                  | of mutation]
  3754 | D:5      | Gained mutation: You are covered in fur. (AC +1) [potion of
                  | mutation]
  3892 | D:6      | Lost mutation: You are covered in fur. (AC +1) [potion of
                  | mutation]
  3892 | D:6      | Lost mutation: You are frail. (-10% HP) [potion of
                  | mutation]
  3892 | D:6      | Gained mutation: You are weak. (Str -2) [potion of
                  | mutation]
  3892 | D:6      | Gained mutation: Your flesh is heat resistant. (rF+)
                  | [potion of mutation]
  3892 | D:6      | Lost mutation: You are weak. (Str -2) [potion of mutation]
  3892 | D:6      | Gained mutation: You are robust. (+10% HP) [potion of
                  | mutation]
  4000 | D:6      | Found a hazy altar of Hepliaklqana.
  4038 | D:6      | Found a staircase to the Ecumenical Temple.
  4048 | Temple   | Entered the Ecumenical Temple
  4222 | Temple   | Became a worshipper of Nemelex Xobeh the Trickster
  4349 | D:6      | Reached XP level 9. HP: 84/89 MP: 8/8
  4376 | D:6      | Found a shimmering altar of Xom.
  5136 | D:7      | Reached * piety under Nemelex Xobeh
  5381 | D:8      | Identified the +4 rapier of Ancient Evil {protect, rPois
                  | rF+}
  5472 | D:4      | Bought the +4 hand axe of the Wasteland {flame, Fly} for
                  | 379 gold pieces
  5615 | D:8      | Received a gift from Nemelex Xobeh
  5619 | D:8      | Found a staircase to the Lair.
  5680 | D:8      | Found a flagged portal.
  5696 | Bailey   | Entered a bailey
  5876 | Bailey   | Reached skill level 10 in Armour
  5885 | Bailey   | Reached skill level 10 in Fighting
  5896 | Bailey   | Identified the +1 chain mail of Misanthropy {rF+ rC- rN+
                  | Str+4}
  5945 | Bailey   | Reached XP level 10. HP: 54/102 MP: 9/9
  6228 | Bailey   | Identified the +6 hand axe of Armageddon {venom, rF+}
  6493 | D:8      | Reached skill level 10 in Axes
  6804 | D:9      | Noticed Amaemon
  6804 | D:9      | Noticed an orange demon
  6819 | D:9      | Killed Amaemon
  6827 | D:9      | Killed an orange demon
  6917 | D:9      | Noticed Maggie
  6928 | D:9      | Killed Maggie
  6939 | D:9      | Upgraded the game from 0.30-a0-618-gd6c86c23d0 to
                  | 0.30-a0-622-gddc90eaa04
  6951 | D:9      | Noticed an oklob plant
  6953 | D:9      | Paralysed by a floating eye for 3 turns
  6958 | D:9      | Noticed an oklob plant
  6961 | D:9      | Paralysed by a floating eye for 3 turns
  6966 | D:9      | Paralysed by a floating eye for 4 turns
  6975 | D:9      | Paralysed by a floating eye for 4 turns
  6980 | D:9      | Killed from afar by an oklob plant

Illustrated notes

Levels and vault maps discovered:
D:1:      ebering_trefoil_twist, layout_rooms
D:2:      layout_loops_ring, basic_altar, serial_rivers,
          chequers_serial_rivers_small_b, chequers_serial_rivers_micro_d,
          chequers_serial_rivers_large_a, chequers_serial_rivers_room_b
D:3:      layout_loops_ring, makhleb_altar_promises_db,
          gammafunk_ghost_abyssal_escape, serial_bayou_pond_b,
          minmay_misc_feat_diagonals, lemuel_flame_loot_1, uniq_terence
D:4:      layout_loops_ring, portal_sewer_entry_c, ebering_ghost_inner_flame,
          serial_shops, nicolae_shop_bloodbath_and_beyond,
          amcnicky_mini_corridor_feature
D:5:      layout_rooms, serial_shops, nicolae_shop_waterfront, uniq_duvessa,
          uniq_ijyb, uniq_edmund
D:6:      layout_rooms, kennysheep_little_box, xom_butterflies,
          minmay_temple_entry_mini_moons
D:7:      layout_cave_pools
D:8:      layout_loops_ring, dpeg_oklobed_lair, enter_bailey_2
D:9:      layout_roguey, good_gods_mini_temple, grunt_temple_overflow_octagram,
          serial_park_tiny_2, disabler_island, uniq_erolcha, uniq_maggie,
          uniq_amaemon
Temple:   nicolae_temple_bog_church

Skill      XL: |  1  2  3  4  5  6  7  8  9 10 |
---------------+-------------------------------+-----
Armour         | 4 5 6 8 10 11 | 11.5
Shields        | 4 5 6 7 |  7.0
Fighting       | 4 5 6 8 10 11 | 11.4
Axes           | 3 4 5 7 9 11 | 11.0

Action                   |  1- 3 |  4- 6 |  7- 9 | 10-12 || total
-------------------------+-------+-------+-------+-------++-------
Melee: War axe           |    92 |    82 |       |       ||   174
       Headbutt          |    15 |     8 |    59 |    30 ||   112
       Spear             |       |    16 |   161 |       ||   177
       Flail             |       |       |   104 |       ||   104
       Hand axe          |       |       |    48 |    87 ||   135
  Use: Scroll            |     7 |     2 |     9 |     2 ||    20
       Potion            |       |     1 |     4 |     1 ||     6
Armor: Scale mail        |    48 |    41 |   125 |       ||   214
       Chain mail        |       |       |    50 |    65 ||   115
Dodge: Dodged            |    45 |    32 |   142 |    51 ||   270
Block: Buckler           |    24 |    27 |    83 |    29 ||   163

Table legend: (Time is in decaauts)
 A = Elapsed time spent in this place.
 B = Non-inter-level travel time spent in this place.
 C = Inter-level travel time spent in this place.
 D = Time resting spent in this place.
 E = Time spent auto-exploring this place.
 F = Levels seen in this place.
 G = Mean time per level.
                   A        B        C        D        E       F      G
               +--------+--------+--------+--------+--------+-----+--------+
         Total |   7174 |   6578 |    596 |    319 |   4279 |  12 |  597.8 |
       Dungeon |   6212 |   5638 |    574 |    172 |   3862 |   9 |  690.2 |
        Temple |    200 |    178 |     22 |      0 |    169 |   1 |  200.0 |
         Sewer |    198 |    198 |      0 |      0 |    110 |   1 |  198.0 |
        Bailey |    563 |    563 |      0 |    147 |    137 |   1 |  563.0 |
               +--------+--------+--------+--------+--------+-----+--------+

Top non-repeatable levels by time:
     D:3: 991 daAuts
     D:4: 934 daAuts
     D:7: 721 daAuts
     D:2: 705 daAuts
     D:8: 694 daAuts
     D:6: 673 daAuts
     D:5: 650 daAuts
     D:1: 635 daAuts
  Bailey: 563 daAuts
     D:9: 205 daAuts
  Temple: 200 daAuts
   Sewer: 198 daAuts
